AoeStats
← CentralCrown20

Arabia

506305586Analyzed
2v2 RM · 17d ago on Sep 13, 2026· 61m 4s· 4 players
Game mode
Random Map
Map size
Medium (4 player)
Population
200
Speed
Normal
Resources
Standard
Victory
Conquest
Starting age
Dark Age
Ending age
Imperial Age
RankedLock teamsTeams togetherTeam positionsShared explorationLock speedFull tech treeHidden civsTurbo modeCheats
Victory
Defeat
🇦🇷 Maya · Argentina
641
+16
🇦🇷 Persians · Argentina
641
+17
🇺🇸 Tatars · United States
660
-22
🇺🇸 Mongols · United States
647
-16
Lautiiii23
8:39 Loom
10:54 Feudal Age
17:59 Double-Bit Axe
17:56 Horse Collar
22:09 Padded Archer Armor
21:59 Fletching
26:05 Castle Age
24:16 Scale Mail Armor
25:55 Forging
26:22 Elite Skirmisher
27:14 Thumb Ring
29:48 Bow Saw
31:15 Squires
32:10 Leather Archer Armor
31:50 Bodkin Arrow
32:42 Heavy Plow
32:42 Pikeman
33:08 Arson
37:35 Wheelbarrow
38:05 Chain Mail Armor
38:57 Hul'che Javelineers
41:47 Imperial Age
41:06 Iron Casting
41:03 Gold Mining
41:03 Stone Mining
43:24 Hand Cart
42:54 Town Watch
42:37 Halberdier
49:16 Ring Archer Armor
48:46 Bracer
49:17 Plate Mail Armor
49:49 Blast Furnace
51:16 Hoardings
50:11 Sappers
51:12 Conscription
52:17 Stone Shaft Mining
52:45 Two-Man Saw
54:37 Crop Rotation
55:13 Heavy Scorpion
57:18 Capped Ram
Danicool799
8:59 Loom
11:43 Feudal Age
12:04 Double-Bit Axe
12:23 Horse Collar
14:24 Wheelbarrow
13:36 Town Watch
14:51 Gold Mining
18:40 Scale Barding Armor
18:47 Forging
21:00 Castle Age
20:41 Bloodlines
21:56 Bow Saw
21:49 Heavy Plow
24:57 Husbandry
24:18 Light Cavalry
31:01 Gold Shaft Mining
30:16 Stone Mining
31:53 Chain Barding Armor
33:30 Iron Casting
34:06 Hand Cart
33:52 Town Patrol
35:34 Stone Shaft Mining
34:58 Pikeman
35:38 Squires
35:24 Gambesons
38:43 Imperial Age
37:59 Caravan
38:18 Scale Mail Armor
40:29 Citadels
39:40 Elite War Elephant
44:09 Plate Barding Armor
43:50 Chain Mail Armor
44:36 Blast Furnace
43:25 Heavy Camel Rider
45:18 Halberdier
50:37 Plate Mail Armor
49:56 Arson
49:36 Hussar
50:20 Kamandaran
50:56 Hoardings
49:52 Sappers
50:42 Conscription
51:40 Elite Skirmisher
52:29 Thumb Ring
54:14 Crop Rotation
54:50 Two-Man Saw
56:42 Padded Archer Armor
56:32 Fletching
CentralCrown20
13:13 Feudal Age
15:12 Wheelbarrow
14:28 Double-Bit Axe
15:39 Horse Collar
20:10 Padded Archer Armor
20:01 Fletching
20:19 Scale Barding Armor
20:32 Bloodlines
27:14 Castle Age
31:48 Chain Barding Armor
32:09 Hand Cart
34:50 Leather Archer Armor
34:31 Bodkin Arrow
36:35 Gold Mining
39:14 Gold Shaft Mining
47:05 Imperial Age
48:25 Heavy Cavalry Archer
49:30 Parthian Tactics
50:14 Bracer
53:47 Forging
54:40 Chemistry
53:52 Masonry
57:02 Cavalier
57:43 Husbandry
King_B
11:35 Feudal Age
13:08 Wheelbarrow
12:19 Double-Bit Axe
13:19 Horse Collar
18:36 Castle Age
16:51 Bloodlines
17:44 Gold Mining
17:48 Fletching
19:37 Forging
25:21 Hand Cart
24:51 Town Watch
24:52 Loom
29:05 Scale Barding Armor
29:01 Bodkin Arrow
31:17 Town Patrol
33:39 Iron Casting
34:09 Husbandry
35:07 Fervor
35:47 Gold Shaft Mining
37:55 Ballistics
37:46 Masonry
37:31 Murder Holes
38:34 Stone Mining
39:05 Heavy Plow
39:25 Bow Saw
44:14 Imperial Age
46:39 Chemistry
45:44 Siege Engineers
46:52 Cavalier
46:53 Heavy Camel Rider
47:01 Heavy Cavalry Archer
48:23 Silk Armor
48:33 Timurid Siegecraft
48:47 Conscription
49:31 Blast Furnace
48:32 Bracer
48:32 Padded Archer Armor
48:38 Scale Barding Armor
48:24 Treadmill Crane
49:16 Block Printing
49:28 Illumination
49:00 Herbal Medicine
55:09 Fortified Wall
55:59 Caravan
56:30 Coinage
56:15 Guilds
60:51 Light Cavalry
Connection lost

Rejoining the realm…

Still unreachable

The connection could not be restored.

Session expired

The server has moved on; the page needs a fresh start.